 Dungeon Crawl Stone Soup version 0.21-a0-440-g28109cb (webtiles) character file.

221 tof the Slasher (level 5, -1/42 HPs)
             Began as a Demonspawn Berserker on Nov 10, 2017.
             Was a Priest of Trog.
             Slain by a slave (5 damage)
             ... led by Pikel
             ... on level 5 of the Dungeon.
             The game lasted 00:05:38 (3963 turns).

tof the Slasher (Demonspawn Berserker)              Turns: 3963, Time: 00:05:38

Health: -1/42      AC:  5    Str: 17    XL:     5   Next: 65%
Magic:  5/5        EV: 11    Int:  8    God:    Trog [***...]
Gold:   104        SH:  3    Dex: 14    Spells: 4/4 levels left

rFire    + . .     SeeInvis .   a - +0 falchion
rCold    + . .     Gourm    .   C - +0 buckler
rNeg     . . .     Faith    .   l - +0 ring mail
rPois    +         Spirit   .   (no helmet)
rElec    .         Reflect  .   y - scarf {rC+ rF+}
rCorr    +         Harm     .   (no gloves)
MR       .....                  (no boots)
Stlth    ++........             (no amulet)
HPRegen  0.14/turn              f - ring of resist corrosion
MPRegen  0.09/turn              o - ring of poison resistance

@: lethally poisoned (-1 -> -2)
A: demonic guardian 1, nightstalker 1
a: Berserk, Trog's Hand, Burn Spellbooks, Renounce Religion


You were on level 5 of the Dungeon.
You worshipped Trog.
Trog was most pleased with you.
You were not hungry.

You visited 1 branch of the dungeon, and saw 5 of its levels.

You collected 104 gold pieces.

Inventory:

Hand Weapons
 a - a +0 falchion (weapon)
Missiles
 p - 7 needles of frenzy
 x - 4 tomahawks (quivered)
Armour
 l - a +0 ring mail (worn)
 y - a scarf of resistance (worn)
 C - a +0 buckler (worn)
Jewellery
 f - a ring of resist corrosion (left hand)
 o - a ring of poison resistance (right hand)
 u - an uncursed amulet of faith {unknown}
Scrolls
 b - 2 scrolls of remove curse {unknown}
 d - 5 scrolls of identify {unknown}
 g - 2 scrolls of immolation {unknown}
 i - 6 scrolls of teleportation {unknown}
 j - a scroll of enchant weapon {unknown}
 k - a scroll of enchant armour {unknown}
 n - a scroll of magic mapping {unknown}
 s - a scroll of amnesia {unknown}
 w - 2 scrolls of fear {unknown}
Potions
 e - 2 potions of might {unknown}
 h - a potion of haste {unknown}
 m - 2 potions of degeneration {unknown}
 r - a potion of flight {unknown}
 t - a potion of lignification {unknown}
 z - 2 potions of curing {unknown}
 A - a potion of mutation {unknown}
Comestibles
 c - 5 bread rations
 q - a meat ration
 v - a chunk of flesh
 B - 8 fruits


   Skills:
 + Level 3.9 Fighting
 * Level 4.2 Long Blades
 + Level 2.8 Armour
 + Level 2.8 Dodging
 + Level 0.0 Shields


You had 4 spell levels left.
You didn't know any spells.

Dungeon Overview and Level Annotations

Branches:
Dungeon (5/15)
 Temple: D:4-7

Altars:


Innate Abilities, Weirdness & Mutations

A weak demonic guardian rushes to your aid.
You are slightly more attuned to the shadows.


Message History

The slave hits you. The hound misses you.
Your shield prevents you from hitting the hound.
The hound is severely wounded.
The adder bites you. The slave hits you!
* * * LOW HITPOINT WARNING * * *
You block the slave's attack. The hound bites you but does no damage.
The adder closely misses you.
You can't go up here!
The hound bites you but does no damage. You block the slave's attack.
The slave hits you.
* * * LOW HITPOINT WARNING * * *
The adder bites you but does no damage. You block the hound's attack.
You climb downwards.
Your summoned ally is left behind.
You hear the hiss of flowing sand.
There is an entrance to an ossuary on this level.
Hurry and find it before the portal is buried!
You feel sick.
Found a scroll labeled HINWUO ZOONOU.
There is a stone staircase leading up here.
The slave hits you.
You die...

... .... ....
.....
########.....
#....hp...#
#.@Sp..#
#####...#
...# ..# .. .


You could see 2 slaves, a hound and an adder.

Vanquished Creatures
  A hound (D:2)
  An orc priest (D:3)
  An orc wizard (D:3)
  3 gnolls (D:3)
  4 adders
  An ooze (D:2)
  2 worms
  A dart slug (D:3)
  3 leopard geckos (D:2)
  8 orcs (D:3)
  A giant cockroach (D:2)
  8 goblins
  8 hobgoblins
  4 jackals (D:1)
  4 bats
  3 frilled lizards
  8 kobolds
  9 rats
70 creatures vanquished.

Vanquished Creatures (collateral kills)
  An orc (D:3)
1 creature vanquished.

Grand Total: 71 creatures vanquished

Notes
Turn   | Place    | Note
-------+----------+-------------------------------------------
     0 | D:1      | tof the Demonspawn Berserker began the quest for the Orb.
     0 | D:1      | Reached XP level 1. HP: 18/18 MP: 1/1
   252 | D:1      | Gained mutation: A weak demonic guardian rushes to your aid. [demonic ancestry]
   252 | D:1      | Reached XP level 2. HP: 24/24 MP: 2/2
   288 | D:1      | Reached skill level 3 in Long Blades
  1021 | D:2      | Reached XP level 3. HP: 27/29 MP: 3/3
  1028 | D:2      | Reached ** piety under Trog
  1703 | D:2      | Found a faded altar of an unknown god.
  2111 | D:2      | Gained mutation: You are slightly more attuned to the shadows. [demonic ancestry]
  2111 | D:2      | Reached XP level 4. HP: 35/35 MP: 4/4
  2449 | D:3      | Reached XP level 5. HP: 34/42 MP: 5/5
  2476 | D:2      | Reached skill level 4 in Long Blades
  3516 | D:3      | Reached *** piety under Trog
  3946 | D:4      | Noticed a slave
  3947 | D:4      | Noticed a slave
  3954 | D:4      | Noticed a slave
  3957 | D:4      | Noticed a phantom
  3962 | D:5      | Entered Level 5 of the Dungeon
  3963 | D:5      | Slain by a slave

Vault maps used:
D:1:      sevenhm_arrival_forest_fort_small_5
D:2:      first_bread, chequers_ecumenical_altar_lobes
D:3:      dk_vineyard_2, serial_bayou_crossing
D:4:      vehumet_crystals, temple_green, uniq_menkaure, uniq_pikel, uniq_ijyb
D:5:      overflow_temple_1_default, enter_ossuary_3, corexii_hall_statues_s

Skill      XL: |  1  2  3  4  5 |
---------------+----------------+-----
Long Blades    | 3 4 |  4.2
Armour         | 2 |  2.8
Dodging        | 2 |  2.8
Fighting       | |  3.9

Action                   |  1- 3 |  4- 6 || total
-------------------------+-------+-------++-------
Melee: Falchion          |   118 |   129 ||   247
Throw: Tomahawk          |       |     1 ||     1
Invok: Berserk           |       |     1 ||     1
 Stab: Sleeping          |       |     1 ||     1
  Eat: Chunk             |     4 |     7 ||    11
Armor: Animal skin       |     6 |       ||     6
       Ring mail         |    20 |    46 ||    66
Dodge: Dodged            |    80 |    95 ||   175
Block: Buckler           |       |     6 ||     6
       Rpst.: Falchion   |    38 |    35 ||    73

Table legend:
 A = Spawn XP
 B = Non-spawn XP
 C = Spawn XP percentage of total XP
 D = Spawn monster count
 E = Non-spawn monster count
 F = Spawn count percentage of total count
 G = Total turns spent on level
                    A         B        C        D         E        F      G
               +---------+---------+-------+---------+---------+-------+---------
         Total |       0 |     317 |   0.0 |       0 |      71 |   0.0 |  3963
               +---------+---------+-------+---------+---------+-------+---------
           D:1 |       0 |      28 |   0.0 |       0 |      18 |   0.0 |   906
           D:2 |       0 |     113 |   0.0 |       0 |      23 |   0.0 |  1617
           D:3 |       0 |     176 |   0.0 |       0 |      30 |   0.0 |  1421
               +---------+---------+-------+---------+---------+-------+---------
